 Dungeon Crawl Stone Soup version 0.31-a0-986-g5e6e4ef867 (webtiles) character file.

Game seed: 10475627077505347512

142 Zonian the Conjurer (level 5, -2/28 HPs)
             Began as a Deep Elf Conjurer on Nov 12, 2023.
             Slain by an iguana (7 damage)
             ... on level 4 of the Dungeon.
             The game lasted 00:06:49 (3187 turns).

Zonian the Conjurer (Deep Elf Conjurer)             Turns: 3187, Time: 00:06:50

Health: -2/28      AC:  2    Str:  4    XL:     5   Next: 3%
Magic:  4/13       EV: 13    Int: 25    God:
Gold:   122        SH:  0    Dex: 13    Spells: 6/12 levels left

rFire   . . .        g - +3 mace (protect) {mace}
rCold   . . .        (no shield)
rNeg    . . .        a - +0 robe
rPois   .            (no helmet)
rElec   .            (no cloak)
rCorr   .            (no gloves)
SInv    +            (no boots)
Will    .....        (no amulet)
Stlth   ++           n - ring of see invisible
HPRegen 0.24/turn    (no ring)
MPRegen 0.13/turn

%: no passive effects
@: no status effects
A: no striking features
a: no special abilities


You were on level 4 of the Dungeon.
You visited 1 branch of the dungeon, and saw 4 of its levels.

You collected 158 gold pieces.
You spent 36 gold pieces at shops.


   Skills:
 + Level 3.6 Dodging
 + Level 3.8 Stealth
 + Level 4.2 Spellcasting
 + Level 5.0 Conjurations
 + Level 1.6 Hexes


You had 6 spell levels left.
You knew the following spells:

 Your Spells              Type           Power      Damage    Failure   Level
a - Magic Dart            Conj           100%       1d8       1%          1
b - Searing Ray           Conj           60%        2d6       1%          2
c - Dazzling Flash        Conj/Hex       44%        N/A       7%          3

Your spell library contained the following spells:

 Spells                   Type           Power      Damage    Failure   Level
 Fulminant Prism          Conj/Hex       11%        3d8       22%         4
 Iskenderun's Mystic Bla  Conj/Tloc      18%        2d6       30%         4
 Leda's Liquefaction      Hex/Erth       4%         N/A       54%         4
 Lee's Rapid Deconstruct  Erth           2%         3d5*      94%         5
 Bombard                  Conj/Erth      9%         9d2       99%         6

Inventory:

Hand Weapons
 c - a +0 dagger {short}
   (You took it off a kobold on level 1 of the Dungeon)
 g - a +3 mace of protection (weapon) {mace}
   (You found it on level 1 of the Dungeon)
 h - a +0 dagger {short}
   (You took it off a goblin on level 1 of the Dungeon)
Armour
 a - a +0 robe (worn)
 d - a +0 helmet
   (You took it off Robin on level 2 of the Dungeon)
Jewellery
 k - an amulet of faith {!P}
   (You found it on level 2 of the Dungeon)
 n - a ring of see invisible (left hand)
   (You found it on level 2 of the Dungeon)
Wands
 o - a wand of charming (6)
   (You found it on level 2 of the Dungeon)
Potions
 b - a potion of magic
 e - a potion of invisibility {unknown}
 f - a potion of curing {@q1}
 i - 2 potions of enlightenment {unknown}
 j - a potion of mutation {unknown}
 l - 4 potions of heal wounds {unknown}

Dungeon Overview and Level Annotations

Branches:
Dungeon (4/15) Zot: 20812
 Temple: D:4-7

Altars:

Shops:
D:2 *

Annotations:
D:3 Grinder

###.....##......##
#.+.....##......'.
#.#....(##......## ####
#.#.....##..)...##
#>..###.#.....#######.##
#.#.....#.###########.##
#................(......
#.......#.##############
#######@..# .....
#.....l...# #####
#...........#
#..............
#.........#####
#.........# ###########


You could see an iguana.


Message History

😎 MP[-2]
You lost 2 mp, and now have 8/12 mp.
Unknown command.
The searing ray hits the iguana.
The iguana bites you! 😮 HP[-11] MP[-1]
You take 11 damage, and now have 13/24 hp.
MASSIVE DAMAGE!! (PAUSE)
You lost 1 mp, and now have 7/12 mp.
The searing ray hits the iguana!
You kill the iguana!
You have reached level 5! 😮 HP[+3] MP[-1]
You now have 28 max hp (+4).
You regained 3 hp, and now have 16/28 hp.
You start resting. 😎 HP[+12] MP[+7]
Your hp is fully restored (28).
Your mp is fully restored (13).
You start waiting.
Done waiting.
A worm comes into view.
Found 4 stones.
Found a stone staircase leading down.
Unknown command.
The magic dart hits the worm. 😎 MP[-1]
You lost 1 mp, and now have 12/13 mp.
You can't see any susceptible monsters within range! (Use Z to cast anyway.)
You can't see any susceptible monsters within range! (Use Z to cast anyway.)
You can't see any susceptible monsters within range! (Use Z to cast anyway.)
You start resting. 😎 MP[+1]
Your mp is fully restored (13).
Unknown command.
The magic dart hits the worm. 😎 MP[-1]
You lost 1 mp, and now have 12/13 mp.
The magic dart hits the worm. 😎 MP[-1]
You lost 1 mp, and now have 11/13 mp.
The magic dart hits the worm! 😎 MP[-1]
You lost 1 mp, and now have 10/13 mp.
The magic dart hits the worm.
You kill the worm! 😎 MP[-1]
You lost 1 mp, and now have 9/13 mp.
You can't see any susceptible monsters within range! (Use Z to cast anyway.)
You can't see any susceptible monsters within range! (Use Z to cast anyway.) Unknown command.
An iguana comes into view. 😎 MP[+4]
Your mp is fully restored (13).
The magic dart hits the iguana but does no damage. 😎 MP[-1]
You lost 1 mp, and now have 12/13 mp.
The magic dart hits the iguana. 😎 MP[-1]
You lost 1 mp, and now have 11/13 mp.
The magic dart hits the iguana but does no damage. 😎 MP[-1]
You lost 1 mp, and now have 10/13 mp.
The magic dart hits the iguana but does no damage. 😎 MP[-1]
You lost 1 mp, and now have 9/13 mp.
The magic dart hits the iguana.
The iguana bites you! 😮 HP[-8] MP[-1]
You take 8 damage, and now have 20/28 hp.
MASSIVE DAMAGE!! (PAUSE)
You lost 1 mp, and now have 8/13 mp.
Casting: Magic Dart (safe; 1% risk of failure)
Confirm with . or Enter, or press ? or * to list all spells.
Aiming: Searing Ray (safe; 1% risk of failure)
Press: ? - help, Shift-Dir - straight line, f/p - iguana
Aim: an iguana (moderately wounded, 82% to hit)
The searing ray hits the iguana. (Press . to maintain the ray.)
The iguana bites you!
* * * LOW HITPOINT WARNING * * *
😨 HP[-8] MP[-2]
You take 8 damage, and now have 12/28 hp.
MASSIVE DAMAGE!! (PAUSE)
You lost 2 mp, and now have 6/13 mp.
The searing ray hits the iguana.
The iguana bites you!
* * * LOW HITPOINT WARNING * * *
😱 HP[-10] MP[-1]
You take 10 damage, and now have 2/28 hp.
MASSIVE DAMAGE!! (PAUSE)
You lost 1 mp, and now have 5/13 mp.
You feel better. The iguana bites you.
* * * LOW HITPOINT WARNING * * *
😱 HP[+3] MP[+1]
You regained 3 hp, and now have 5/28 hp.
Casting: Searing Ray (safe; 1% risk of failure)
Confirm with . or Enter, or press ? or * to list all spells.
Aiming: Searing Ray (safe; 1% risk of failure)
Press: ? - help, Shift-Dir - straight line, f/p - iguana
Aim: an iguana (severely wounded, 82% to hit)
The searing ray hits the iguana. (Press . to maintain the ray.)
The iguana bites you!
You die...

Skill      XL: |  1  2  3  4 |
---------------+-------------+-----
Dodging        | 3 |  3.6
Stealth        | 3 |  3.8
Spellcasting   | 4 |  4.2
Hexes          | 1 |  1.6
Conjurations   | 5 |  5.0

Action                     |  1- 3 |  4- 6 || total
---------------------------+-------+-------++-------
  Melee: Mace              |     2 |     1 ||     3
   Cast: Magic Dart        |    93 |    31 ||   124
         Searing Ray       |       |     7 ||     7
  Evoke: Wand              |       |     5 ||     5
    Use: Scroll            |     8 |     1 ||     9
         Potion            |       |     1 ||     1
 Armour: Robe              |     8 |    12 ||    20
  Dodge: Dodged            |    12 |     5 ||    17

Levels and vault maps discovered:
D:1:      mushboom_english_gardens, layout_loops_corners
D:2:      minmay_inner_zag, layout_basic, serial_shops, nicolae_shop_stone,
          minmay_tall_x, uniq_robin
D:3:      layout_rooms, mainiacjoe_overflow_cross_hatched, uniq_terence,
          uniq_crazy_yiuf_cottage, uniq_grinder, uniq_ijyb
D:4:      layout_basic, minmay_temple_entry_nine_rooms,
          kennysheep_cluttered_room, uniq_natasha

Notes
Turn   | Place    | Note
-------+----------+-------------------------------------------
     0 | D:1      | Zonian the Deep Elf Conjurer began the quest for the Orb.
     0 | D:1      | Reached XP level 1. HP: 10/10 MP: 6/6
     0 | D:1      | magus.rc [v1.9.6]
   305 | D:1      | Reached XP level 2. HP: 15/15 MP: 6/8
  1056 | D:2      | Reached skill level 3 in Dodging
  1056 | D:2      | Reached skill level 3 in Stealth
  1056 | D:2      | Reached XP level 3. HP: 19/19 MP: 2/10
  1606 | D:2      | Noticed Robin
  1757 | D:1      | Learned a level 2 spell: Searing Ray
  1761 | D:1      | Learned a level 3 spell: Dazzling Flash
  1767 | D:2      | Found Ogiwke's General Store.
  1775 | D:2      | Bought a scroll of teleportation for 36 gold pieces
  2285 | D:2      | Reached XP level 4. HP: 24/24 MP: 9/11
  2452 | D:2      | Killed Robin
  2453 | D:2      | Reached skill level 4 in Spellcasting
  2453 | D:2      | Reached skill level 1 in Hexes
  2597 | D:3      | You pick up a book of the Earth and begin reading...
  2597 | D:3      | You add the spells Leda's Liquefaction, Lee's Rapid
                  | Deconstruction and Bombard to your library.
  2699 | D:3      | Noticed Grinder
  2785 | D:3      | Reached skill level 5 in Conjurations
  2818 | D:3      | Paralysed by Grinder for 2 turns
  2984 | D:4      | Reached XP level 5. HP: 16/28 MP: 6/13
  3185 | D:4      | HP: 2/28 [iguana (10)]
  3187 | D:4      | Slain by an iguana

Vanquished Creatures
  An iguana (D:4)
  Robin (D:2)
  3 adders
  A worm (D:4)
  2 dart slugs
  7 ball pythons
  4 endoplasms
  3 giant cockroaches
  11 goblins
  11 hobgoblins
  6 kobolds
  A quokka (D:2)
  7 bats
  4 frilled lizards
  6 rats
68 creatures vanquished.

Table legend:
 A = Non-vault XP
 B = Vault XP
 C = Vault XP percentage of total XP
 D = Non-vault monster count
 E = Vault monster count
 F = Vault count percentage of total count
                 A         B        C        D         E       F
            +---------+---------+-------+---------+---------+-------
      Total |     138 |      65 |  32.0 |      46 |      22 |  32.4
            +---------+---------+-------+---------+---------+-------
        D:1 |      28 |       4 |  12.5 |      18 |       2 |  10.0
        D:2 |      34 |      61 |  64.2 |      20 |      20 |  50.0
        D:3 |      35 |       0 |   0.0 |       6 |       0 |   0.0
        D:4 |      41 |       0 |   0.0 |       2 |       0 |   0.0
            +---------+---------+-------+---------+---------+-------

Skill      XL: |  1  2  3  4 |
---------------+-------------+-----
Dodging        | 3 |  3.6
Stealth        | 3 |  3.8
Spellcasting   | 4 |  4.2
Hexes          | 1 |  1.6
Conjurations   | 5 |  5.0

Action                     |  1- 3 |  4- 6 || total
---------------------------+-------+-------++-------
  Melee: Mace              |     2 |     1 ||     3
   Cast: Magic Dart        |    93 |    31 ||   124
         Searing Ray       |       |     7 ||     7
  Evoke: Wand              |       |     5 ||     5
    Use: Scroll            |     8 |     1 ||     9
         Potion            |       |     1 ||     1
 Armour: Robe              |     8 |    12 ||    20
  Dodge: Dodged            |    12 |     5 ||    17

Illustrated notes

Table legend:
 A = Kills in this place as a percentage of kills in the entire game.
 B = Kills by you in this place as a percentage of kills by you in the entire game.
 C = Kills by friends in this place as a percentage of kills by friends in the entire game.
 D = Other kills in this place as a percentage of other kills in the entire game.
 E = Experience gained in this place as a percentage of experience gained in the entire game.
 F = Experience gained in this place divided by the number of levels of this place that you have seen.
                   A       B       C       D       E      F
               +-------+-------+-------+-------+-------+----------------------
         Total | 100.0 | 100.0 |   N/A |   N/A | 100.0 |  50.8
       Dungeon | 100.0 | 100.0 |   N/A |   N/A | 100.0 |  50.8
               +-------+-------+-------+-------+-------+----------------------

Table legend: (Time is in decaauts)
 A = Elapsed time spent in this place.
 B = Non-inter-level travel time spent in this place.
 C = Inter-level travel time spent in this place.
 D = Time resting spent in this place.
 E = Time spent auto-exploring this place.
 F = Levels seen in this place.
 G = Mean time per level.
                   A        B        C        D        E       F      G
               +--------+--------+--------+--------+--------+-----+--------+
         Total |   3186 |   3149 |     37 |    654 |   2047 |   4 |  796.5 |
       Dungeon |   3186 |   3149 |     37 |    654 |   2047 |   4 |  796.5 |
               +--------+--------+--------+--------+--------+-----+--------+

Top non-repeatable levels by time:
     D:2: 1442 daAuts
     D:1: 1145 daAuts
     D:4: 353 daAuts
     D:3: 244 daAuts
